Description

Early macro focus, prepare for a 1-1-1 helion medivac maruader timing hit.

Replay - Kairos Junction LE (TvZ) Mech macro timing attack [win]

Build Order

Get SALT Encoding   

  12  0:01  SCV  
  13  0:15  SCV  
  13  0:18  Supply Depot  
  14  0:27  SCV  
  15  0:29  Refinery  
  15  0:39  SCV  
  16  0:45  Barracks  
  16  0:52  SCV  
  17  1:05  SCV  
  18  1:21  SCV  
  19  1:33  Orbital Command, Reaper  
  20  1:50  Command Center  
  20  1:59  Factory  
  20  2:03  SCV  
  20  2:06  Barracks Reactor  
  21  2:10  Refinery  
  21  2:17  SCV  
  21  2:22  Supply Depot  
  22  2:56  SCV  
  22  3:01  Hellion x2  
  22  3:02  Orbital Command  
  26  3:11  Starport  
  26  3:19  Supply Depot  
  26  3:22  Hellion x2  
  26  3:23  Barracks Tech Lab  
  33  3:44  Armory  
  33  3:45  Hellion x2  
  33  3:48  Concussive Shells  
  34  4:05  Marauder  
  34  4:09  Supply Depot  
  38  4:20  Medivac  
  38  4:23  Hellion x2  
  45  4:26  Marauder  
  48  4:44  Hellion x2  
  54  4:48  Marauder  
  56  5:13  Marauder  
  62  5:14  Widow Mine x2  
  58  5:43  Supply Depot  
Spawning Tool Build Advisor. Get it on Overwolf

Analysis

Constantly apply pressure with helions to keep the zerglings coming out and get drones if possible. Deny creep spread. As soon as the medivac is done load up maruaders and push out. At this point build mines for defense. Make sure you have the armory done so that you can morph hellbats as you arrive. This should end the game if micro'd well. If not you should get some damage while you macro at home. Transition to 3rd base if you don't win off the push. Transition to mech by swapping factory and barracks, or go bio by building 2 more rax.

Go to:

Details

  • Created by: silverhorn  
  • Published on: Dec 22, 2018
  • Modified on: Dec 22, 2018
  • Patch: 4.7.1
Show
View Real Time Build Order
Export as new Build Order

Comments (0)

There are no comments. Be the first!

Create an account to comment!